 Dungeon Crawl Stone Soup version 0.31-a0-339-gda1cbd555d (webtiles) character file.

Game seed: 9230780520811428834

75 lmSkywalker the Ruffian (level 4, -1/31 HPs)
             Began as a Draconian Shapeshifter on July 20, 2023.
             Was a Believer of Hepliaklqana.
             Slain by Ijyb
             ... wielding a +2 dagger of flaming
              (2 damage)
             ... on level 3 of the Dungeon.
             The game lasted 00:09:03 (2335 turns).

lmSkywalker the Ruffian (Draconian Shapeshifter)    Turns: 2335, Time: 00:09:04

Health: -1/31      AC:  5    Str: 17    XL:     4   Next: 11%
Magic:  4/4        EV: 12    Int:  8    God:    Hepliaklqana [**....]
Gold:   141        SH:  0    Dex: 14    Spells: 3/3 levels left

rFire   . .          .
                       - Unarmed
rCold   . . .        (no shield)
rNeg    . . .        (body armour unavailable)
rPois   .            (helmet currently unavailable)
rElec   .            (cloak currently unavailable)
rCorr   .            (gloves currently unavailable)
SInv    +            (boots currently unavailable)
Will    +....        (no amulet)
Stlth   +            c - ring of see invisible
HPRegen 0.25/turn    g - ring of willpower
MPRegen 0.09/turn

%: no passive effects
@: beast-form
A: beast (slay +2), reduced essence, AC +5, unfitting armour, cold-blooded
a: Begin Untransformation, Renounce Religion, Recall Ancestor, Ancestor Identity


You were on level 3 of the Dungeon.
You worshipped Hepliaklqana.
Hepliaklqana was pleased with you.
You were a hulking beast.
You visited 1 branch of the dungeon, and saw 3 of its levels.

You collected 141 gold pieces.

Inventory:

Missiles
 p - 6 silver javelins
 q - 5 poisoned darts
Armour
 d - a +0 pair of gloves
Jewellery
 c - a ring of see invisible (left hand)
 g - a ring of willpower (right hand)
 o - a +6 ring of intelligence
Talismans
 b - a beast talisman
Scrolls
 f - a scroll of revelation {unknown}
 i - 2 scrolls of identify {unknown}
 j - a scroll of fog {unknown}
 k - a scroll of enchant armour {unknown}
 n - 2 scrolls of teleportation {unknown}
Potions
 a - a potion of lignification
 e - 5 potions of curing {unknown}
 h - a potion of magic {unknown}
 l - 2 potions of might {unknown}
 m - a potion of attraction {unknown}


   Skills:
 - Level 1.1 Fighting
 - Level 1.7 Dodging
 + Level 0.0 Stealth
 + Level 4.1 Unarmed Combat
 + Level 3.8 Shapeshifting


You had 3 spell levels left.
You didn't know any spells.
Your spell library contained the following spells:

 Spells                   Type           Power      Damage    Failure   Level
 Portal Projectile        Hex/Tloc       0%         N/A       78%         3
 Tukima's Dance           Hex            0%         N/A       78%         3
 Iskenderun's Mystic Bla  Conj/Tloc      0%         2d3       99%         4


Dungeon Overview and Level Annotations

Branches:
Dungeon (3/15)

Altars:
Hepliaklqana

Shops:
D:2 [

Annotations:
D:3 Ijyb


Innate Abilities, Weirdness & Mutations

You are a hulking beast.
Your limbs bulge with bestial killing power. (Slay +2)
Your life essence is reduced to manifest your ancestor. (-10% HP)
Your plain brown scales are hard. (AC +5)
You cannot fit into any form of body armour.
You are cold-blooded and may be slowed by cold attacks.


Message History

Ijyb the Twisted Goblin comes into view.
She is wielding a +2 dagger of flaming and carrying a wand of light.
Found a scroll labelled TIYNOE IJACAMUHUU.
You swap places.
RNGeorge gestures at Ijyb while chanting.
The puff of frost hits Ijyb.
Ijyb zaps a wand.
The bolt of light hits RNGeorge!
RNGeorge is blinded.
You hit Ijyb.
Ijyb is moderately wounded.
Ijyb barely misses you.
You completely miss Ijyb.
Ijyb is moderately wounded.
Ijyb barely misses you.
You miss Ijyb.
Ijyb is moderately wounded.
You closely miss Ijyb.
Ijyb is moderately wounded.
Ijyb hits you with a +2 dagger of flaming!
Ijyb burns you.
You miss Ijyb. Your punch misses Ijyb.
Ijyb is moderately wounded.
Ijyb closely misses you.
You hit Ijyb.
Ijyb is heavily wounded.
Ijyb hits you with a +2 dagger of flaming.
Ijyb burns you.
You hit Ijyb. You tail-slap Ijyb, but do no damage.
Ijyb is heavily wounded.
Ijyb hits you with a +2 dagger of flaming.
Ijyb burns you.
You closely miss Ijyb.
Ijyb is heavily wounded.
Ijyb screams, "Level is mine!
All mine!"
Ijyb zaps a wand.
The bolt of light hits you!
* * * LOW HITPOINT WARNING * * *
You hit Ijyb.
Ijyb is severely wounded.
Ijyb hits you with a +2 dagger of flaming.
* * * LOW HITPOINT WARNING * * *
Ijyb burns you.
You die...

+.........'............
#.........####...##.###
##.......## ##.###.#
##...>.### ### #.#
##...##.. #.# ..#+# #.#
#.#####.# #.#. #.#
#.##....#
.###.#.###.###.##.####
.......hR....#.##.#
.###..?g##.#.#.##.#
#.....#.#.#.##.#
#....##.#.#.##.#
...#.###.....##.#
#####. ###......# #.
######## #.


You could see the friendly RNGeorge the battlemage (blind) and Ijyb.

Vanquished Creatures
  2 adders
  2 worms (D:2)
  5 ball pythons
  An endoplasm (D:1)
  3 giant cockroaches (D:1)
  4 goblins
  5 hobgoblins
  2 bats (D:1)
  A frilled lizard (D:3)
  4 kobolds
  2 rats
31 creatures vanquished.

Vanquished Creatures (collateral kills)
  2 adders
  A quokka (D:3)
3 creatures vanquished.

Vanquished Creatures (others)
  2 ancestors (D:2)
2 creatures vanquished.

Grand Total: 36 creatures vanquished

Notes
Turn   | Place    | Note
-------+----------+-------------------------------------------
     0 | D:1      | lmSkywalker the Draconian Shapeshifter began the quest for
                  | the Orb.
     0 | D:1      | Reached XP level 1. HP: 16/16 MP: 1/1
   217 | D:1      | Found a faded altar of an unknown god.
   231 | D:1      | Prayed at the altar of an unknown god.
   231 | D:1      | Became a worshipper of Hepliaklqana the Forgotten
   231 | D:1      | Reached * piety under Hepliaklqana
   339 | D:1      | Reached XP level 2. HP: 20/20 MP: 2/2
  1264 | D:2      | Reached XP level 3. HP: 15/25 MP: 3/3
  1364 | D:2      | Found Weasolah's Antique Armour Emporium.
  1468 | D:2      | Reached ** piety under Hepliaklqana
  1469 | D:2      | Remembered your ancestor RNGeorge as a battlemage
  1878 | D:3      | Reached skill level 4 in Unarmed Combat
  1935 | D:3      | Reached XP level 4. HP: 31/31 MP: 4/4
  2316 | D:3      | Noticed Ijyb
  2335 | D:3      | HP: 1/31 [Ijyb/+2 dagger of flaming (3)]
  2335 | D:3      | Slain by Ijyb

Illustrated notes

Levels and vault maps discovered:
D:1:      onia_arrival_pyramid, layout_loops_corners,
          ebering_ecumenical_altar_abandoned, serial_glass, glass_columns_a,
          glass_columns_b, minmay_tetromino_t2
D:2:      layout_loops_ring, serial_shops, nicolae_square_shop
D:3:      layout_loops_corners, uniq_sigmund, uniq_ijyb

Skill      XL: |  1  2  3 |
---------------+----------+-----
Unarmed Combat | 4 |  4.1
Fighting       | |  1.1
Dodging        | |  1.7
Shapeshifting  | |  3.8

Action                     |  1- 3 |  4- 6 || total
---------------------------+-------+-------++-------
  Melee: Unarmed           |    66 |    11 ||    77
         Tailslap          |    14 |     1 ||    15
 Invoke: Ancestor Identity |     1 |       ||     1
         Recall Ancestor   |     1 |       ||     1
         Ancestor Life: Ba |     1 |       ||     1
   Stab: Sleeping          |     1 |       ||     1
 Armour: Skin              |    17 |       ||    17
  Dodge: Dodged            |    35 |     3 ||    38

Table legend: (Time is in decaauts)
 A = Elapsed time spent in this place.
 B = Non-inter-level travel time spent in this place.
 C = Inter-level travel time spent in this place.
 D = Time resting spent in this place.
 E = Time spent auto-exploring this place.
 F = Levels seen in this place.
 G = Mean time per level.
                   A        B        C        D        E       F      G
               +--------+--------+--------+--------+--------+-----+--------+
         Total |   2330 |   2105 |    225 |     63 |   1589 |   3 |  776.7 |
       Dungeon |   2330 |   2105 |    225 |     63 |   1589 |   3 |  776.7 |
               +--------+--------+--------+--------+--------+-----+--------+

Top non-repeatable levels by time:
     D:1: 1067 daAuts
     D:2: 713 daAuts
     D:3: 549 daAuts
